 Dungeon Crawl Stone Soup version 0.19.0-2-gae57169 (webtiles) character file.

235687 Gingerlord the Corrupter of Planes (level 18, -5/175 HPs)
             Began as a Demonspawn Abyssal Knight on Nov 6, 2016.
             Was the Champion of Lugonu.
             Splashed by a tengu reaver (illusionary)'s acid (16 damage)
             ... on level 3 of the Abyss.
             The game lasted 02:26:38 (47259 turns).

Gingerlord the Corrupter of Planes (DsAK)          Turns: 47259, Time: 02:26:38

Health: -5/175     AC: 18    Str: 19    XL:     18   Next: 48%
Magic:  30/30      EV:  7    Int: 16    God:    Lugonu [******]
Gold:   1619       SH: 30    Dex: 10    Spells: 0 memorised, 17 levels left

rFire  . . .     SeeInvis .     u - +8 demon blade (distort)
rCold  + + .     Gourm    .     w - +2 plate armour {rC+}
rNeg   + . .     Faith    .     a - +0 large shield
rPois  +         Spirit   .     G - +1 hat {MR+}
rElec  .         Reflect  +     s - +2 cloak
rCorr  .         Harm     .     k - +0 pair of gloves
MR     ++...                    (boots unavailable)
Stlth  ..........               Q - +4 amulet of reflection
                                b - +4 ring of protection
                                r - ring "Putianie" {rC+ rN+}

@: lethally poisoned (-5 -> -6), corroded, very slightly contaminated, heavily
drained, invisible
A: hooves 3, large bone plates 3, blurry vision 1, clumsy 1, deformed body, foul
stench 2, poison resistance, robust 2, spiny 2, rot immunity
a: Depart the Abyss, Bend Space, Banish, Corrupt, Enter the Abyss, Renounce
Religion
}: 2/15 runes: serpentine, barnacled


You were on level 3 of the Abyss.
You worshipped Lugonu.
Lugonu was exalted by your worship.
You were hungry.

You visited 6 branches of the dungeon, and saw 32 of its levels.
You visited the Abyss 3 times.
You also visited: Labyrinth.

You collected 3003 gold pieces.
You spent 1384 gold pieces at shops.

Inventory:

Hand Weapons
 u - a +8 demon blade of distortion (weapon)
 J - a +4 scimitar of flaming
Missiles
 y - 45 arrows
Armour
 a - a +0 large shield (worn)
 k - a +0 pair of gloves (worn)
 s - a +2 cloak (worn)
 w - a +2 plate armour of cold resistance (worn)
 G - a +1 hat of magic resistance (worn)
Jewellery
 b - a +4 ring of protection (right hand)
 r - the ring "Putianie" (left hand) {rC+ rN+}
   (You bought it in a shop on level 1 of the Snake Pit)

   [ring of positive energy]

   It protects you from cold.
   It protects you from negative energy.
 x - an uncursed ring of protection from cold
 A - an uncursed ring of see invisible
 L - an uncursed ring of positive energy
 P - an uncursed ring of protection from magic
 Q - a +4 amulet of reflection (around neck)
 R - an uncursed ring of resist corrosion
Wands
 N - a wand of heal wounds (2/9)
Scrolls
 h - 4 scrolls of magic mapping
 j - a scroll of identify
 l - 15 scrolls of remove curse
 n - 3 scrolls of fog
 p - 4 scrolls of recharging
 q - a scroll of brand weapon
 E - 3 scrolls of amnesia
 F - 2 scrolls of fear
 H - 4 scrolls of enchant armour
 I - a scroll of silence
 S - a scroll of teleportation
Potions
 d - 3 potions of lignification
 e - a potion of cancellation
 f - 5 potions of brilliance
 g - 8 potions of curing
 t - 3 potions of haste
 z - 4 potions of resistance
 B - a potion of magic
 C - a potion of invisibility
 D - 6 potions of flight
 K - a potion of berserk rage
 O - 2 potions of agility
 V - 2 potions of ambrosia
Miscellaneous
 o - a fan of gales
Comestibles
 c - 9 bread rations
 i - 13 meat rations
 m - 2 beef jerkies
 v - 16 fruits


   Skills:
 + Level 14.2(12.7) Fighting
 + Level 13.7(12.1) Long Blades
 + Level 13.2(11.7) Armour
 + Level 10.3(8.9) Dodging
 - Level 1.0(0.0) Stealth
 * Level 14.2(12.6) Shields
 + Level 17.2(15.5) Invocations


You had 17 spell levels left.
You didn't know any spells.

Dungeon Overview and Level Annotations

Branches:
Dungeon (15/15)            Temple (0/1) D:6            Lair (6/6) D:10
 Shoals (4/4) Lair:3        Snake (4/4) Lair:4        Slime (0/5) Lair:6
    Orc (2/2) D:10            Elf (0/3) Orc:2        Vaults (1/5) D:13
 Depths: D:15

Altars:
Ashenzari
Cheibriados
Dithmenos
Elyvilon
Fedhas
Gozag
Hepliaklqana
Makhleb
Nemelex Xobeh
Trog
Uskayaw
Vehumet
Xom
The Shining One
Beogh
Jiyva

Shops:
D:4 *   D:5 %   D:13 [   Orc:2 :[(*   Snake:1 }==   Snake:4 [

Annotations:
D:11 Azrael
Shoals:4 corrupted
Snake:4 corrupted
Abyss:1 Agnes, Josephine


Innate Abilities, Weirdness & Mutations

You have hooves in place of feet.
You are completely covered in large bone plates. (SH +8)
You frequently emit foul miasma when damaged in melee.
You are very robust. (+20% HP)
You are mostly covered in sharp spines.
You are immune to rotting.
Scrolls take you a little longer to read.
You are clumsy. (Dex -2)
Armour fits poorly on your strangely shaped body.
Your system is resistant to poisons. (rPois)


Message History

Unknown command.
You fade into invisibility!
You feel sick. The tengu reaver casts a spell at you.
The bolt of poison hits you! You resist.
* * * LOW HITPOINT WARNING * * *
You block the rakshasa's attack. The tengu reaver casts a spell at you.
The bolt of acid misses you.
You hear a shout!
You are very lightly contaminated with residual magic.
Evoke which item? (* to show all) (? for menu, Esc to quit)
Zapping:
N - a wand of heal wounds (3/9)
Press: ? - help, Shift-Dir - straight line, f - you You feel much better.
This wand has 2 charges left.
You feel sick.
The tengu reaver gestures at you while chanting.
The bolt of acid hits you!
* * * LOW HITPOINT WARNING * * *
The acid corrodes you!
You are splashed with acid!
The acid burns!
You die...

♣♣ #####
.♣♣..#{W*#
♣≈....WRQQ+
♣ w.#Q@.#
♣♣.##### ♣


You could see 3 tengu reavers, a rakshasa, 2 shadows and a battlesphere.

Vanquished Creatures
  Rupert (D:14)
  A deep elf blademaster (Abyss:3)
  Kirke (D:12)
  4 nagarajas
  An orc warlord (Orc:2)
  A vault warden (Vaults:1)
  2 ironheart preservers (Vaults:1)
  3 merfolk javelineers
  2 ogre magi
  A merfolk impaler (Shoals:4)
  13 naga warriors
  A vault guard (Vaults:1)
  Erolcha (D:12)
  A rakshasa (D:14)
  7 hydras
  3 anacondas
  Erica (D:8)
  2 catoblepae (Lair:6)
  8 merfolk aquamancers
  A tengu warrior (D:14)
  Urug (Orc:2)
  A satyr (Shoals:3)
  9 death yaks
  3 orc high priests
  3 shock serpents
  5 naga sharpshooters
  A salamander mystic (Snake:4)
  9 sea snakes
  7 skeletal warriors (Vaults:1)
  3 unseen horrors
  2 wizards
  The ghost of Sotamaster the Covert, a novice OpAs (D:7)
  A naga ritualist (Snake:2)
  2 deep trolls
  6 hill giants
  A deep elf archer (Vaults:1)
  5 harpies
  2 lindwurms (Lair:6)
  5 orc sorcerers
  6 mana vipers
  3 orc knights
  2 cyclopes
  2 wolf spiders
  A shining eye (Abyss:3)
  2 necromancers
  11 fauns
  6 salamanders
  7 ugly things
  15 manticores
  2 centaur zombies
  Maurice (Orc:1)
  13 elephants
  38 black mambas
  2 vault sentinels (Vaults:1)
  5 sirens
  Joseph (D:8)
  4 guardian serpents
  15 naga magi
  2 kobold demonologists (D:14)
  14 spiny frogs
  2 gargoyles
  6 torpor snails (Lair:6)
  9 komodo dragons
  A rime drake (Lair:3)
  2 ancient zymes (Abyss:3)
  5 yaktaurs
  A freezing wraith (Vaults:1)
  3 tengu conjurers
  10 trolls
  16 merfolk
  3 polar bears (Lair:6)
  A troll (shapeshifter) (D:15)
  6 two-headed ogres
  3 tyrant leeches (Lair:6)
  3 wind drakes
  10 hornets
  14 blink frogs
  7 hippogriffs
  15 slime creatures
  2 snapping turtles
  3 flying skulls (Abyss:3)
  A large abomination (Abyss:3)
  8 dream sheep
  A redback (shapeshifter) (D:14)
  2 shadows
  52 yaks
  Sigmund (D:5)
  A spriggan (D:7)
  3 wyverns (D:14)
  Eustachio (D:6)
  4 hogs (D:12)
  A hungry ghost (D:13)
  4 wraiths
  6 water elementals
  A steam dragon (D:14)
  A fire elemental (D:12)
  2 vampire mosquitoes (D:13)
  4 basilisks
  5 wargs
  4 mottled dragons
  A small abomination (Abyss:3)
  50 nagas
  Edmund (D:4)
  15 water moccasins
  6 porcupines
  3 hell hounds (D:11)
  6 ice beasts
  A necrophage (D:8)
  An eye of draining (D:12)
  2 black bears
  6 sky beasts
  A phantom (D:7)
  32 orc warriors
  24 ogres
  4 boggarts (D:15)
  4 centaurs
  A crocodile (shapeshifter) (Vaults:1)
  11 crocodiles
  3 big kobolds
  22 bullfrogs
  A gnoll sergeant (D:8)
  A water moccasin skeleton (D:6)
  A hornet simulacrum (D:14)
  6 scorpions
  9 wights
  12 killer bees
  An electric eel (D:9)
  6 howler monkeys
  A bullfrog zombie (D:12)
  8 crimson imps
  2 quasits
  7 hounds
  5 jellies
  21 orc priests
  2 bullfrog skeletons
  2 centaur skeletons
  9 iguanas
  An iron imp (D:6)
  Jessica (D:1)
  31 orc wizards
  Natasha (D:4)
  11 worker ants
  2 polar bear simulacra (Lair:6)
  2 yak simulacra (Lair:6)
  4 wolf simulacra (Lair:6)
  A hound zombie (D:8)
  A hound skeleton (D:6)
  A worker ant zombie (D:8)
  9 gnolls
  17 adders
  A howler monkey skeleton (D:4)
  A river rat (Lair:6)
  8 shadow imps
  An ooze (D:1)
  3 adder zombies
  3 adder skeletons (D:4)
  2 worms
  5 dart slugs
  3 leopard geckos
  82 orcs
  6 bats
  8 giant cockroaches
  16 goblins
  8 hobgoblins
  13 jackals
  A quokka (D:2)
  4 ball pythons
  4 frilled lizards
  A jackal zombie (D:3)
  17 kobolds
  A leopard gecko skeleton (D:3)
  A quokka skeleton (D:3)
  7 rats
  3 river rat simulacra (Lair:6)
  A fungus (Lair:6)
  2 plants (Lair:6)
1070 creatures vanquished.

Vanquished Creatures (others)
  The ghost of vaultlich the Phalangite, an adept MfSk of Okawaru (Snake:3)
  2 nagarajas (Snake:4)
  Ilsuiw (Shoals:4)
  9 merfolk javelineers
  A fire dragon (Vaults:1)
  A yaktaur captain (D:13)
  3 merfolk impalers (Shoals:4)
  A rakshasa (Vaults:1)
  A vault guard (Vaults:1)
  An alligator snapping turtle (Shoals:2)
  7 naga warriors
  A merfolk avatar (Shoals:3)
  4 centaur warriors
  2 merfolk aquamancers (Shoals:4)
  4 satyrs
  An anaconda (Snake:2)
  3 naga sharpshooters
  3 skeletal warriors (Vaults:1)
  3 sea snakes (Shoals:4)
  4 naga ritualists
  A hill giant (D:14)
  A harpy (Shoals:4)
  A deep elf mage (D:12)
  A mana viper (Snake:4)
  3 ugly things
  2 cyclopes
  7 manticores
  4 fauns
  A centaur zombie (D:14)
  4 sirens (Shoals:4)
  3 salamanders (Snake:1)
  A guardian serpent (Snake:2)
  2 black mambas
  A gargoyle (D:14)
  A vault sentinel (Vaults:1)
  A water nymph (Shoals:4)
  A kobold demonologist (D:14)
  A freezing wraith (D:14)
  A komodo dragon (D:14)
  2 yaktaurs
  2 wind drakes
  A troll (D:14)
  11 merfolk
  A hornet (Vaults:1)
  A hippogriff (Shoals:3)
  6 snapping turtles
  A dream sheep (Shoals:3)
  3 slime creatures
  2 shadows
  A wraith (D:14)
  2 yaks
  A hog (D:12)
  A chaos spawn (Abyss:3)
  A soldier ant (D:14)
  3 nagas (Snake:4)
  An eye of draining (D:14)
  An ogre (Vaults:1)
  3 centaurs
  A boggart (D:15)
  A wyvern zombie (D:13)
  2 orcs
  A kobold (D:11)
  4 bushes
  14 fungi
  46 plants
  17 starspawn tentacles
  3 tentacles (Shoals:4)
223 creatures vanquished.

Grand Total: 1293 creatures vanquished

Notes
Turn   | Place    | Note
-------+----------+-------------------------------------------
     0 | Abyss:1  | Gingerlord the Demonspawn Abyssal Knight began the quest for the Orb.
     0 | Abyss:1  | Reached XP level 1. HP: 18/18 MP: 2/2
     6 | Abyss:1  | Found a corrupted altar of Lugonu.
    52 | Abyss:1  | Noticed a wraith
    58 | D:1      | Escaped the Abyss
   279 | D:1      | Gained mutation: You are immune to rotting. [demonic ancestry]
   279 | D:1      | Reached XP level 2. HP: 13/24 MP: 3/3
   284 | D:1      | Reached * piety under Lugonu
   577 | D:1      | Reached skill level 1 in Dodging
   703 | D:1      | Gained mutation: You are partially covered in large bone plates. (SH +4) [demonic ancestry]
   703 | D:1      | Reached XP level 3. HP: 24/29 MP: 4/4
  1154 | D:2      | Noticed Jessica
  1278 | D:1      | Killed Jessica
  1278 | D:1      | Reached ** piety under Lugonu
  1278 | D:1      | Gained mutation: You are mostly covered in large bone plates. (SH +6) [demonic ancestry]
  1278 | D:1      | Reached XP level 4. HP: 32/35 MP: 5/5
  1941 | D:2      | Found a hide-covered altar of Uskayaw.
  2135 | D:3      | Gained mutation: You may emit foul miasma when damaged in melee. [demonic ancestry]
  2135 | D:3      | Reached XP level 5. HP: 42/42 MP: 6/6
  2365 | D:3      | Reached skill level 1 in Stealth
  2753 | D:3      | Reached *** piety under Lugonu
  3314 | D:4      | Found Qaseiwka's General Store.
  3354 | D:4      | Bought a potion of heal wounds for 50 gold pieces
  3377 | D:4      | Noticed Edmund
  3404 | D:4      | Gained mutation: Armour fits poorly on your strangely shaped body. [potion of mutation]
  3404 | D:4      | Gained mutation: You are resistant to hostile enchantments. (MR+) [potion of mutation]
  3404 | D:4      | Lost mutation: You are resistant to hostile enchantments. (MR+) [potion of mutation]
  3420 | D:4      | Killed Edmund
  3420 | D:4      | Gained mutation: You are partially covered in sharp spines. [demonic ancestry]
  3420 | D:4      | Reached XP level 6. HP: 8/48 MP: 7/7
  3735 | D:4      | Found a shadowy altar of Dithmenos.
  3892 | D:4      | Noticed Natasha
  3898 | D:4      | Killed Natasha
  4097 | D:4      | Found a snail-covered altar of Cheibriados.
  4380 | D:5      | Entered Level 5 of the Dungeon
  4563 | D:5      | Gained mutation: You have large cloven feet. [demonic ancestry]
  4563 | D:5      | Reached XP level 7. HP: 45/55 MP: 6/9
  4714 | D:5      | Found Maudosmu's Food Boutique.
  5028 | D:5      | Reached skill level 3 in Invocations
  5320 | D:5      | Noticed Sigmund
  5338 | D:5      | Killed Sigmund
  5338 | D:5      | Reached skill level 5 in Long Blades
  5466 | D:5      | Reached skill level 5 in Fighting
  5501 | D:5      | Reached skill level 4 in Invocations
  5561 | D:6      | Noticed Eustachio
  5594 | D:6      | Gained mutation: You are completely covered in large bone plates. (SH +8) [demonic ancestry]
  5594 | D:6      | Reached XP level 8. HP: 59/62 MP: 11/11
  5636 | D:6      | Killed Eustachio
  5731 | D:6      | Reached **** piety under Lugonu
  5746 | D:6      | Found a staircase to the Ecumenical Temple.
  5777 | D:6      | Reached skill level 5 in Invocations
  5849 | D:6      | Found a burning altar of Makhleb.
  6022 | D:6      | Reached skill level 5 in Armour
  6046 | D:7      | Found a bloodstained altar of Trog.
  6266 | D:7      | Reached XP level 9. HP: 32/69 MP: 6/13
  6281 | D:7      | Reached skill level 6 in Invocations
  6325 | D:7      | Noticed Sotamaster's ghost (novice OpAs)
  6444 | D:7      | Killed Sotamaster's ghost
  6823 | D:7      | Reached skill level 5 in Dodging
  6875 | D:7      | Reached skill level 7 in Invocations
  6888 | D:7      | Found a sparkling altar of Nemelex Xobeh.
  7643 | D:7      | Gained mutation: You are mostly covered in sharp spines. [demonic ancestry]
  7643 | D:7      | Reached XP level 10. HP: 54/79 MP: 11/15
  7929 | D:8      | Noticed Erica
  8182 | D:8      | Found a shattered altar of Ashenzari.
  8186 | D:8      | Saw a vision of the Shoals and the Snake Pit.
  8186 | D:8      | Noticed a black mamba
  8186 | D:8      | Noticed a guardian serpent
  8186 | D:8      | Noticed a black mamba
  8186 | D:8      | Noticed a siren
  8186 | D:8      | Noticed a siren
  8186 | D:8      | Noticed an anaconda
  8187 | D:8      | Noticed a black mamba
  8187 | D:8      | Noticed a siren
  8187 | D:8      | Noticed a black mamba
  8485 | D:8      | Found a hazy altar of Hepliaklqana.
  8498 | D:8      | Found a radiant altar of Vehumet.
  8543 | D:8      | Noticed Joseph
  8565 | D:8      | Killed Joseph
  8565 | D:8      | Reached skill level 8 in Invocations
  8954 | D:8      | Killed Erica
  9371 | D:9      | Found a blossoming altar of Fedhas.
  9465 | D:9      | Found a white marble altar of Elyvilon.
  9558 | D:9      | Reached ***** piety under Lugonu
  9603 | D:9      | Found a snail-covered altar of Cheibriados.
  9884 | D:9      | Reached skill level 9 in Invocations
 10102 | D:10     | Entered Level 10 of the Dungeon
 10294 | D:10     | Noticed a spiny frog
 10310 | D:10     | Noticed a death yak
 10310 | D:10     | Killed a spiny frog
 10769 | D:10     | Noticed a hill giant
 10774 | D:10     | Killed a hill giant
 10774 | D:10     | Gained mutation: You have hoof-like feet. [demonic ancestry]
 10774 | D:10     | Reached XP level 11. HP: 87/87 MP: 17/17
 11325 | D:10     | Found a staircase to the Lair.
 11385 | D:10     | Found a staircase to the Orcish Mines.
 11400 | Lair:1   | Entered Level 1 of the Lair of Beasts
 11629 | Lair:1   | Gained mutation: Your system is resistant to poisons. (rPois) [potion of beneficial mutation]
 11854 | Lair:1   | Reached skill level 10 in Invocations
 13147 | Lair:2   | Gained mutation: You frequently emit foul miasma when damaged in melee. [demonic ancestry]
 13147 | Lair:2   | Reached XP level 12. HP: 96/96 MP: 20/20
 13489 | Lair:3   | Reached skill level 11 in Invocations
 14031 | Lair:4   | Found a staircase to the Snake Pit.
 14045 | Lair:4   | Reached skill level 1 in Shields
 15453 | Lair:3   | Found a staircase to the Shoals.
 15594 | Lair:3   | Reached skill level 10 in Fighting
 16541 | Lair:5   | Noticed a four-headed hydra
 16550 | Lair:5   | Killed a one-headed hydra
 16782 | Lair:5   | Reached skill level 5 in Shields
 16987 | Lair:5   | Gained mutation: You have hooves in place of feet. [demonic ancestry]
 16987 | Lair:5   | Reached XP level 13. HP: 90/103 MP: 21/21
 17300 | Lair:6   | Entered Level 6 of the Lair of Beasts
 17320 | Lair:6   | Reached skill level 10 in Long Blades
 17320 | Lair:6   | Reached skill level 12 in Invocations
 17533 | Lair:6   | Reached ****** piety under Lugonu
 18519 | Lair:6   | Found a runed door.
 18595 | Lair:6   | HP: 4/104 [lindwurm (5)]
 18605 | Lair:6   | HP: 2/104 [torpor snail (6)]
 19321 | Lair:6   | Found a viscous altar of Jiyva.
 19321 | Lair:6   | Found a staircase to the Slime Pits.
 19533 | Lair:6   | Reached skill level 10 in Armour
 19750 | Lair:6   | Reached skill level 13 in Invocations
 20209 | Lair:6   | Reached XP level 14. HP: 113/113 MP: 23/23
 22195 | D:10     | Found a shimmering altar of Xom.
 22409 | Orc:1    | Entered Level 1 of the Orcish Mines
 23318 | Orc:1    | Noticed Maurice
 23333 | Orc:1    | Killed Maurice
 23407 | Orc:2    | Entered Level 2 of the Orcish Mines
 23407 | Orc:2    | Found a staircase to the Elven Halls.
 23745 | Orc:2    | Found a roughly hewn altar of Beogh.
 24193 | Orc:2    | Noticed an orc warlord
 24219 | Orc:2    | Killed an orc warlord
 24519 | Orc:2    | Noticed Urug
 24541 | Orc:2    | Reached skill level 14 in Invocations
 24553 | Orc:2    | Killed Urug
 24624 | Orc:2    | Found a roughly hewn altar of Beogh.
 24630 | Orc:2    | Found Faphiaqo's Antique Armour Shop.
 24889 | Orc:2    | Found Luoma's Book Shop.
 24905 | Orc:2    | Found Zeomano's Antique Weapon Shop.
 24913 | Orc:2    | Bought a demon blade for 510 gold pieces
 24919 | Orc:2    | Identified a +7 demon blade of distortion (a +5 demon blade corrupted by Lugonu)
 24919 | Orc:2    | Received a gift from Lugonu
 24940 | Orc:2    | Found Eseok's General Store.
 24948 | Orc:2    | Bought a scroll of identify for 28 gold pieces
 24948 | Orc:2    | Bought a scroll of identify for 28 gold pieces
 24948 | Orc:2    | Bought a scroll of identify for 28 gold pieces
 26136 | D:12     | Found a labyrinth entrance.
 26136 | D:12     | Noticed Kirke
 26145 | D:12     | Noticed Azrael
 26145 | Lab      | Entered a labyrinth
 27150 | D:12     | Noticed Erolcha
 27159 | D:12     | Killed Erolcha
 28442 | D:11     | Reached skill level 10 in Shields
 28475 | D:12     | Reached XP level 15. HP: 105/120 MP: 25/25
 28638 | D:12     | Noticed a sphinx
 28639 | D:12     | Killed Kirke
 29077 | D:13     | Found a glowing golden altar of the Shining One.
 29103 | D:13     | Found Nolydiog's Antique Armour Shoppe.
 29245 | D:13     | Found a gate to the Vaults.
 29599 | D:14     | Found a flagged portal.
 29722 | D:14     | Noticed Josephine
 29837 | D:14     | Banished Josephine
 30055 | D:14     | Noticed Rupert
 30101 | D:14     | Killed Rupert
 30184 | D:14     | Found an opulent altar of Gozag.
 30232 | D:14     | Reached skill level 15 in Invocations
 30469 | D:14     | Noticed Agnes
 30477 | D:14     | Banished Agnes
 30955 | D:15     | Entered Level 15 of the Dungeon
 31069 | D:15     | Found a blossoming altar of Fedhas.
 32526 | Abyss:1  | Noticed a tentacled starspawn
 32529 | D:15     | Escaped the Abyss
 33413 | Lair:4   | Gained mutation: You are robust. (+10% HP) [demonic ancestry]
 33413 | Lair:4   | Reached XP level 16. HP: 90/141 MP: 27/27
 33588 | Snake:1  | Entered Level 1 of the Snake Pit
 35748 | Snake:1  | Found Weosint's Gadget Boutique.
 35748 | Snake:1  | Found Recacara's Jewellery Shoppe.
 35749 | Snake:1  | Found Xaipsiguko's Jewellery Shoppe.
 35762 | Snake:1  | Bought the ring "Putianie" {rC+ rN+} for 578 gold pieces
 37578 | Snake:3  | Reached skill level 16 in Invocations
 37626 | Snake:3  | Noticed vaultlich's ghost (adept MfSk)
 37866 | Snake:3  | Banished vaultlich's ghost
 38853 | Snake:4  | Entered Level 4 of the Snake Pit
 38903 | Snake:4  | Corrupted Snake:4
 38903 | Snake:4  | Noticed a tentacled starspawn
 38903 | Snake:4  | Noticed a tentacled starspawn
 38927 | Snake:4  | Found Utint's Antique Armour Boutique.
 38934 | Snake:4  | Bought a twisted scale mail for 162 gold pieces
 38944 | Snake:4  | Identified the cursed +0 scale mail of the Rabble {Int+4 Dex+6} (You bought it in a shop on level 4 of the Snake Pit)
 39949 | Snake:4  | Reached XP level 17. HP: 55/150 MP: 29/29
 41454 | Snake:4  | Got a serpentine rune of Zot
 41720 | Shoals:1 | Entered Level 1 of the Shoals
 43617 | Shoals:4 | Entered Level 4 of the Shoals
 44325 | Shoals:4 | Noticed a kraken
 44375 | Shoals:4 | Noticed Ilsuiw
 44379 | Shoals:4 | Corrupted Shoals:4
 44381 | Shoals:4 | Gained mutation: Scrolls take you a little longer to read. [a cacodemon]
 44392 | Shoals:4 | Killed Ilsuiw
 44546 | Shoals:3 | Reached skill level 10 in Dodging
 45086 | Shoals:3 | Noticed a kraken
 45165 | Shoals:4 | Gained mutation: You are very robust. (+20% HP) [demonic ancestry]
 45165 | Shoals:4 | Reached XP level 18. HP: 67/174 MP: 30/30
 45422 | Shoals:3 | Reached skill level 17 in Invocations
 45834 | Shoals:4 | Got a barnacled rune of Zot
 46136 | Vaults:1 | Entered Level 1 of the Vaults
 47057 | Vaults:1 | Cast into level 2 of the Abyss (a deep elf sorcerer)
 47186 | Abyss:3  | Gained mutation: You are clumsy. (Dex -2) [a shining eye]
 47259 | Abyss:3  | Splashed by a tengu reaver (illusionary)'s acid

Skill      XL: |  1  2  3  4  5  6  7  8  9 10 11 12 13 14 15 16 17 18 |
---------------+-------------------------------------------------------+-----
Long Blades    | 2 3 4 5 6 7 9 10 11 12 13 | 13.7
Armour         | 2 3 4 5 6 7 8 9 10 11 12 13 | 13.2
Dodging        | 1 2 3 4 5 6 7 9 10 | 10.3
Stealth        | 1 |  1.0
Fighting       | 4 5 6 7 8 9 10 11 12 13 14 | 14.2
Invocations    | 4 5 7 9 10 11 13 14 15 16 17 | 17.2
Shields        | 5 8 10 11 12 13 14 | 14.2

Action                   |  1- 3 |  4- 6 |  7- 9 | 10-12 | 13-15 | 16-18 || total
-------------------------+-------+-------+-------+-------+-------+-------++-------
Melee: Falchion          |   130 |   335 |   432 |    71 |       |       ||   968
       Scimitar          |       |       |       |   613 |  1065 |       ||  1678
       Long sword        |       |       |       |    72 |       |       ||    72
       Kick              |       |       |       |       |   567 |   486 ||  1053
       Demon blade       |       |       |       |       |   737 |  1642 ||  2379
Invok: Depart the Abyss  |     1 |       |       |       |     1 |       ||     2
       Banish            |       |       |       |     4 |     4 |     2 ||    10
       Brand Weapon With |       |       |       |       |     1 |       ||     1
       Enter the Abyss   |       |       |       |       |     1 |       ||     1
       Corrupt           |       |       |       |       |       |     2 ||     2
       Bend Space        |       |       |       |       |       |     1 ||     1
Evoke: Fan of gales      |       |       |       |       |     1 |       ||     1
       Wand              |       |       |       |       |     1 |     6 ||     7
  Use: Scroll            |     4 |     8 |       |    12 |    28 |     6 ||    58
       Potion            |       |     1 |     2 |     7 |    12 |     8 ||    30
 Stab: Invisible         |       |       |       |       |    10 |     6 ||    16
       Distracted        |       |       |       |       |       |     1 ||     1
  Eat: Chunk             |     1 |     8 |    10 |    24 |    27 |     7 ||    77
       Beef jerky        |       |     1 |     1 |       |     5 |     1 ||     8
       Pizza             |       |     1 |       |     1 |     3 |     3 ||     8
       Bread ration      |       |       |       |     2 |     1 |     3 ||     6
       Meat ration       |       |       |       |       |     3 |     3 ||     6
       Royal jelly       |       |       |       |       |     1 |       ||     1
       Fruit             |       |       |       |       |       |     5 ||     5
Armor: Leather armour    |    38 |       |       |       |       |       ||    38
       Chain mail        |    12 |   196 |   202 |   265 |    88 |       ||   763
       Plate armour      |       |       |       |       |   305 |   360 ||   665
Dodge: Dodged            |    90 |   101 |   123 |   203 |   253 |   168 ||   938
Block: Other             |    12 |   116 |   135 |   240 |       |       ||   503
       Shield            |       |       |       |   282 |  1771 |   213 ||  2266
       Reflection        |       |       |       |     1 |    64 |   368 ||   433
       Large shield      |       |       |       |       |       |  1740 ||  1740
       Rpst.: Falchion   |    22 |    38 |    40 |     5 |       |       ||   105
       Scimitar          |       |       |       |    47 |    31 |       ||    78
       Long sword        |       |       |       |     5 |       |       ||     5
       Demon blade       |       |       |       |       |    23 |    24 ||    47
